[Event "Paul Kerese Mälestusfestival 2022 Välkturniir"]
[Site "Paul Kerese Mälestusfestival 2022 Kiirturniir"]
[Date "????.??.??"]
[Round "5.7"]
[White "Protassov, Vlad"]
[Black "Olde, Karl Erik"]
[Result "1-0"]
[TimeControl "3 min + 2 sek iga käigu eest"]
[WhiteElo "1816"]
[BlackElo "1768"]

1. d4 d5 2. c4 e6 3. Nf3 Nf6 4. g3 Be7 5. Bg2 O-O 6. O-O dxc4 7. Qc2 a6 8. a4 Bd7 9. Rd1 Bc6 10. Nc3 Nbd7 11. e4 b5 12. d5 exd5 13. e5 Ne4 14. Nxd5 Nec5 15. Nxe7+ Qxe7 16. Ng5 Nd3 17. Bxc6 Rad8 18.
Rxd3 cxd3 19. Qxd3 g6 20. e6 fxe6 21. Qe2 Nc5 22. Be3 Qd6 23. axb5 axb5 24. Bxb5 Nb3 25. Re1 h6 26. Nxe6 Rde8 27.
Nxf8 Rxf8 28. Bc4+ Kh7 29. Bxb3 Qb4 30. Bc2 c5 31. Qd1 Rf7 32. Bd2 Qd4 33. Be3 Qb4 34. Rf1 Qxb2 35. Qd3 Qf6 36. Rd1 c4 37. Qd6 Qg7 38. Rd4 c3 39. Rc4 Rf6 40.
Qd4 1-0

[Event "Paul Kerese Mälestusfestival 2022 Välkturniir"]
[Site "Paul Kerese Mälestusfestival 2022 Kiirturniir"]
[Date "????.??.??"]
[Round "5.8"]
[White "Bernotas, Arturs"]
[Black "Randma, Urmas"]
[Result "0-1"]
[TimeControl "3 min + 2 sek iga käigu eest"]
[WhiteTitle "FM"]
[WhiteElo "2382"]
[BlackElo "1461"]

1. e4 e6 2. d4 d5 3. Nc3 Bb4 4. exd5 Bxc3+ 5. bxc3 exd5 6.
Bd3 Nf6 7. Nf3 Bg4 8. h3 Bh5 9. O-O O-O 10. Bg5 h6 11. Bh4 Nbd7 12. g4 Bg6 13. Ne5 Bxd3 14. cxd3 g5 15. Bg3 Re8 16.
Qf3 Re7 17. Rfe1 Qf8 18. Nxd7 Rxe1+ 19. Rxe1 Nxd7 20. Qxd5 Nb6 21. Qxb7 Qa3 22. Qc6 Qxa2 23. Qxh6 Qd2 24. Re5 Nd7 25.
Rxg5+ 0-1

[Event "Paul Kerese Mälestusfestival 2022 Välkturniir"]
[Site "Paul Kerese Mälestusfestival 2022 Kiirturniir"]
[Date "????.??.??"]
[Round "6.1"]
[White "Maiorov, Nikita"]
[Black "Agrest, Evgenij"]
[Result "0-1"]
[TimeControl "3 min + 2 sek iga käigu eest"]
[WhiteTitle "GM"]
[BlackTitle "GM"]
[WhiteElo "2417"]
[BlackElo "2574"]

1. d4 d5 2. c4 c6 3. Nc3 Nf6 4. e3 e6 5. Nf3 a6 6. Bd3 dxc4 7. Bxc4 b5 8. Be2 Nbd7 9. O-O Bb7 10.
b3 c5 11. Bb2 Bd6 12. a4 b4 13. Nb1 O-O 14. Nbd2 Rc8 15. Nc4 Bb8 16. Nfe5 Nxe5 17. dxe5 Nd5 18. Qd2 Qh4 19. g3 Qh6 20. Qc2 Rcd8 21. Rad1 Ba8 22. e4 Ne7 23. Nd6 f5 24.
Qxc5 fxe4 25. Bc1 Qh3 26. Be3 Bd5 27. Qxb4 Nc6 28. Qc3 Nxe5 29. Qxe5 Bxd6 30. Qc3 Rc8 31. Bc4 h5 32. Rxd5 exd5 33.
Bxd5+ Kh8 34. Qd2 h4 35. Rd1 hxg3 36.
hxg3 Bxg3 37. fxg3 Qxg3+ 38. Kh1 Rf5 39. Qh2+ Qxh2+ 40. Kxh2 Rd8 41. Rd4 Rfxd5 42. Rxe4 Rd3 43. b4 Ra3 44.
b5 axb5 45. axb5 Rdd3 46. Bf2 Ra2 47. Kg2 Rdd2 48. Rf4 Rdb2 49. Rf5 Kh7 50. Kg3 Kg6 51. Rf3 Rxb5 52. Be3 Rb3 0-1

[Event "Paul Kerese Mälestusfestival 2022 Välkturniir"]
[Site "Paul Kerese Mälestusfestival 2022 Kiirturniir"]
[Date "????.??.??"]
[Round "6.2"]
[White "Chukavin, Kirill"]
[Black "Teelem, Lauri"]
[Result "1-0"]
[TimeControl "3 min + 2 sek iga käigu eest"]
[WhiteTitle "FM"]
[WhiteElo "2280"]
[BlackElo "2012"]

1. e4 d5 2. exd5 Nf6 3. Nf3 Nxd5 4.
d4 Bg4 5. Be2 e6 6. O-O Bd6 7.
Ne5 Bxe2 8. Qxe2 Bxe5 9.
dxe5 c6 10. c4 Ne7 11. Nc3 Qc7 12. Bg5 h6 13. Bxe7 Qxe7 14. Ne4 O-O 15. Rad1 Nd7 16. f4 Rfd8 17. Rd6 Nf8 18. Rfd1 Qc7 19. c5 Re8 20. Qg4 Kh7 21.
h4 Qa5 22. a3 Qa4 23. Qf3 Ng6 24. Rd7 Nxh4 25. Qd3 Nf5 26. g4 1-0

[Event "Paul Kerese Mälestusfestival 2022 Välkturniir"]
[Site "Paul Kerese Mälestusfestival 2022 Kiirturniir"]
[Date "????.??.??"]
[Round "6.3"]
[White "Agafonov, Yuri"]
[Black "Paikens, Reinis"]
[Result "1-0"]
[TimeControl "3 min + 2 sek iga käigu eest"]
[WhiteElo "1913"]
[BlackElo "1678"]

1. d4 d5 2. Bg5 Bf5 3. e3 c6 4. Bd3 Bg6 5. Nf3 Nd7 6. O-O Ngf6 7. c4 e6 8. Nc3 Be7 9. Rb1 O-O 10. Bxg6 hxg6 11. Qe2 Ne8 12. Bxe7 Qxe7 13. b4 Ndf6 14.
b5 Nd6 15. bxc6 bxc6 16. c5 Nc4 17. e4 Qc7 18. e5 Nd7 19. Ng5 Rfb8 20. Rb3 Na5 21. Rxb8+ Rxb8 22. h4 Nc4 23. h5 Rb2 24. Qd3 Nf8 25.
Nce4 Qe7 26. hxg6 Nxg6 27. f4 Rxa2 28. Qb3 Rb2 29. Qc3 a5 30. Nd6 Rb4 31. Ndxf7 Nxf4 32. Rxf4 Rb1+ 33. Kh2 a4 34. Rh4 g6 35. Qd3 Nxe5 36.
dxe5 Qxg5 37. Nxg5 1-0

[Event "Paul Kerese Mälestusfestival 2022 Välkturniir"]
[Site "Paul Kerese Mälestusfestival 2022 Kiirturniir"]
[Date "????.??.??"]
[Round "6.4"]
[White "Protassov, Vlad"]
[Black "Petrovskis, Olegs"]
[Result "0-1"]
[TimeControl "3 min + 2 sek iga käigu eest"]
[WhiteElo "1816"]
[BlackElo "1984"]

1. d4 d5 2. c4 c6 3.
Nc3 Nf6 4. Nf3 e6 5. g3 Nbd7 6. Bg2 Bd6 7. Nd2 O-O 8. O-O Bc7 9. e4 dxc4 10. Nxc4 e5 11. d5 Nb6 12. Ne3 cxd5 13. exd5 Bd6 14. h3 Bd7 15. Qe2 Rc8 16. Rd1 a6 17. Bd2 Na4 18. Nxa4 Bxa4 19. b3 Bb5 20. Qe1 Bc5 21. a4 Bd7 22.
Rac1 Bd4 23. Ba5 b6 24. Bb4 Re8 25. Qd2 b5 26. a5 Rxc1 27. Rxc1 Qb8 28. Nc2 Ba7 29. Ne3 Bd4 30. Bc5 Bxc5 31. Rxc5 Rc8 32. b4 Qd6 33. Qc3 Rd8 34.
Rc7 h6 35. Qc5 Qf8 36. Qxf8+ Kxf8 37. Ra7 Bc8 38. Ra8 Ke7 39.
g4 g6 40. Rb8 Kd6 41. Rb6+ Ke7 0-1

[Event "Paul Kerese Mälestusfestival 2022 Välkturniir"]
[Site "Paul Kerese Mälestusfestival 2022 Kiirturniir"]
[Date "????.??.??"]
[Round "6.5"]
[White "Paan, Karel"]
[Black "Bernotas, Arturs"]
[Result "0-1"]
[TimeControl "3 min + 2 sek iga käigu eest"]
[BlackTitle "FM"]
[WhiteElo "1792"]
[BlackElo "2382"]

1. Nf3 Nf6 2. g3 d5 3. Bg2 e6 4.
O-O Be7 5. c4 O-O 6. b3 c5 7. e3 Nc6 8. d4 dxc4 9. bxc4 cxd4 10. exd4 Na5 11. Nbd2 Qc7 12. c5 b6 13. Nb3 bxc5 14.
Bf4 Qd8 15. Ne5 Nxb3 16. Qxb3 Nd5 17. Nc6 Qd7 18. Nxe7+ Qxe7 19. Bxd5 exd5 20. Qxd5 Bb7 21. Qxc5 Qe4 22. f3 Qd3 23. Rad1 Qe2 24. Rd2 Qe8 25.
d5 Rc8 26. Qb4 Qd7 27. Bd6 Rfe8 28. Rdf2 Bxd5 29. Bc5 Qc6 30. Bd4 a6 31. Bb2 f6 32. Qd4 Rcd8 33. Qc3 Qb5 34. g4 Bb7 35. g5 Qxg5+ 36. Rg2 Qe3+ 37. Kh1 Qxc3 38. Bxc3 Kf7 39. Rb1 Bxf3 0-1

[Event "Paul Kerese Mälestusfestival 2022 Välkturniir"]
[Site "Paul Kerese Mälestusfestival 2022 Kiirturniir"]
[Date "????.??.??"]
[Round "6.6"]
[White "Zarovs, Aleksandrs"]
[Black "Golubovskis, Maksims"]
[Result "1-0"]
[TimeControl "3 min + 2 sek iga käigu eest"]
[WhiteElo "1527"]
[BlackElo "2163"]

1. e4 c5 2. Nf3 h6 3. d4 cxd4 4. Nxd4 Nc6 5. Nc3 d6 6. Be3 Nf6 7. f3 g5 8. Qd2 Bd7 9. O-O-O a6 10. h4 g4 11. Be2 Qc7 12. Kb1 O-O-O 13. Nb3 Be6 14.
Nd5 Bxd5 15. exd5 Ne5 16. f4 Nc4 17. Bxc4 Qxc4 18. Qd4 Qxd4 19. Bxd4 Bg7 20. Rhe1 Rde8 21. Re2 e6 22. Bxf6 Bxf6 23. dxe6 Rxe6 24. Rxe6 fxe6 25. Rxd6 Bxh4 26. Rxe6 Bg3 27. f5 h5 28. f6 Kd7 29. Re7+ Kd6 30. c4 h4 31. c5+ Kd5 32. f7 h3 33. Re8 hxg2 34. Re6 1-0

[Event "Paul Kerese Mälestusfestival 2022 Välkturniir"]
[Site "Paul Kerese Mälestusfestival 2022 Kiirturniir"]
[Date "????.??.??"]
[Round "6.7"]
[White "Olde, Margareth"]
[Black "Mikko, Rondo"]
[Result "1/2-1/2"]
[TimeControl "3 min + 2 sek iga käigu eest"]
[WhiteTitle "WIM"]
[WhiteElo "1971"]
[BlackElo "1933"]

1. d4 Nf6 2. c4 e6 3. Nf3 c6 4. g3 d5 5. Bg2 Be7 6.
O-O O-O 7. Qc2 Ne4 8. Nbd2 f5 9. Ne5 Nd7 10.
Nxd7 Bxd7 11. Nf3 Bf6 12.
b3 Rc8 13. Ne5 Ng5 14. h4 Nf7 15. Bf4 Nxe5 16. dxe5 Be7 17. Rfd1 h6 18. a3 Qc7 19. Qb2 Rfd8 20. Rac1 Qa5 21. b4 Qa4 22. Be3 Be8 23.
Rd2 dxc4 24. Rxc4 Rxd2 25. Qxd2 Qxa3 26. Rd4 c5 27. bxc5 Bxc5 28. Rd3 Qa1+ 29. Kh2 Bxe3 30. Qxe3 Bc6 31. Ra3 Qb2 32. Rb3 Qc2 33.
Rc3 Qa2 34. Ra3 Qc2 35. Rc3 Qa2 36. Ra3 1/2-1/2

[Event "Paul Kerese Mälestusfestival 2022 Välkturniir"]
[Site "Paul Kerese Mälestusfestival 2022 Kiirturniir"]
[Date "????.??.??"]
[Round "6.8"]
[White "Valdats, Reinis"]
[Black "Krilovs, Nikolajs"]
[Result "1-0"]
[TimeControl "3 min + 2 sek iga käigu eest"]
[WhiteElo "1427"]
[BlackElo "1971"]

1. e4 c6 2. d4 d5 3. e5 Bf5 4. h4 h5 5. Bd3 Bxd3 6. Qxd3 e6 7. c3 Ne7 8. Bg5 Qb6 9. Qc2 Nf5 10. Nf3 c5 11. O-O Nc6 12. Be3 cxd4 13.
cxd4 Be7 14. Rd1 Nxh4 15. Nxh4 Bxh4 16. Nc3 Be7 17. a3 O-O 18. Qe2 g6 19. g4 h4 20. Kg2 Kg7 21. Qd2 Rh8 22.
Rh1 Na5 23. Bg5 Bxg5 24. Qxg5 Qd8 25. Qf4 g5 26. Qd2 Nb3 27. Qd1 Nxa1 28. Qxa1 Rc8 29. Qc1 a6 30. Qd2 Rc4 31. f4 Qb6 32. Rd1 h3+ 33.
Kh2 Rh4 34. f5 Rxg4 35. f6+ Kg8 36.
Kxh3 Rcxd4 37. Qe3 Rh4+ 38. Kg3 Rdg4+ 39. Kf3 Rh3+ 1-0

[Event "Paul Kerese Mälestusfestival 2022 Välkturniir"]
[Site "Paul Kerese Mälestusfestival 2022 Kiirturniir"]
[Date "????.??.??"]
[Round "7.1"]
[White "Agrest, Evgenij"]
[Black "Agafonov, Yuri"]
[Result "1-0"]
[TimeControl "3 min + 2 sek iga käigu eest"]
[WhiteTitle "GM"]
[WhiteElo "2574"]
[BlackElo "1913"]

1. Nf3 Nf6 2. b3 g6 3. Bb2 Bg7 4. g3 O-O 5. Bg2 d5 6. O-O c6 7. d3 Bg4 8. Nbd2 Qc8 9. Re1 Bh3 10. Bh1 h6 11. e4 Re8 12. e5 Nh7 13. c4 Bf5 14.
Rc1 Qd7 15. Qe2 Na6 16. Nd4 Bg4 17. f3 Be6 18. a3 Rac8 19. f4 Red8 20. Bf3 Nc5 21. b4 Na4 22. Ba1 dxc4 23. dxc4 c5 24. Nxe6 Qxe6 25. Bxb7 Rc7 26. Bd5 Qb6 27. b5 e6 28. Bf3 Qa5 29. Ne4 Nb6 30.
Qe3 a6 31. Nd6 axb5 32. cxb5 Nd5 33. Qe2 Qxa3 34. b6 Rcd7 35. b7 Bf8 36. Rb1 Rb8 37. Bxd5 exd5 38. Qb5 Rc7 39. Qb6 Rd7 40. Qc6 Bxd6 41. Qxd7 Bf8 42. Qc8 Qa7 43. Kg2 d4 44. Qc6 g5 45. e6 Nf6 46. e7 Bg7 47.
e8=Q+ Nxe8 48. Rxe8+ Rxe8 49. Qxe8+ Kh7 50. b8=Q Qa2+ 51. Qb2 1-0

[Event "Paul Kerese Mälestusfestival 2022 Välkturniir"]
[Site "Paul Kerese Mälestusfestival 2022 Kiirturniir"]
[Date "????.??.??"]
[Round "7.2"]
[White "Maiorov, Nikita"]
[Black "Chukavin, Kirill"]
[Result "1-0"]
[TimeControl "3 min + 2 sek iga käigu eest"]
[WhiteTitle "GM"]
[BlackTitle "FM"]
[WhiteElo "2417"]
[BlackElo "2280"]

1. d4 Nf6 2. c4 e6 3. Nf3 d5 4. Nc3 c6 5. e3 Nbd7 6. Qc2 Bd6 7. Be2 O-O 8. O-O dxc4 9. Bxc4 b5 10. Be2 Bb7 11. Rd1 Qc7 12. Bd2 a5 13. Rac1 Rac8 14. Qb1 Qb8 15. Ne4 Nxe4 16.
Qxe4 a4 17. Bd3 Nf6 18. Qh4 c5 19. e4 Be7 20. Bg5 h6 21. Bxh6 gxh6 22. Qxh6 Bxe4 23. Ng5 Qf4 24. Bxe4 cxd4 25.
Bh7+ Kh8 26. Nxf7+ 1-0

[Event "Paul Kerese Mälestusfestival 2022 Välkturniir"]
[Site "Paul Kerese Mälestusfestival 2022 Kiirturniir"]
[Date "????.??.??"]
[Round "7.3"]
[White "Petrovskis, Olegs"]
[Black "Bernotas, Arturs"]
[Result "0-1"]
[TimeControl "3 min + 2 sek iga käigu eest"]
[BlackTitle "FM"]
[WhiteElo "1984"]
[BlackElo "2382"]

1. d4 Nf6 2. Nf3 e6 3.
c4 d5 4.
Nc3 c6 5. cxd5 exd5 6. Bg5 Nbd7 7. Qc2 Bd6 8. e3 Nf8 9.
Bd3 Ng6 10. h4 h6 11. O-O-O hxg5 12. Bxg6 gxh4 13. Ne5 Bxe5 14. dxe5 Ng4 15. Be4 Qg5 16. f4 Qe7 17. Bxd5 Nxe3 18.
Qa4 Nxd1 19. Rxd1 O-O 20. Be4 Bg4 21. Rh1 Rfd8 22. Bc2 Qc5 23. Qe4 g6 24. g3 h3 25. e6 Bxe6 0-1

[Event "Paul Kerese Mälestusfestival 2022 Välkturniir"]
[Site "Paul Kerese Mälestusfestival 2022 Kiirturniir"]
[Date "????.??.??"]
[Round "7.4"]
[White "Golubovskis, Maksims"]
[Black "Krilovs, Nikolajs"]
[Result "0-1"]
[TimeControl "3 min + 2 sek iga käigu eest"]
[WhiteElo "2163"]
[BlackElo "1971"]

1. e4 e6 2. d4 d5 3. Nc3 Bb4 4. e5 c5 5. a3 cxd4 6.
axb4 dxc3 7. bxc3 Qc7 8. Qd4 Nc6 9. Bb5 Nge7 10. Nf3 O-O 11. Bxc6 Nxc6 12. Qf4 d4 13.
O-O dxc3 14. Qc4 Qb6 15.
b5 Ne7 16. Be3 Qd8 17. Bxa7 Bd7 18. Bc5 Rc8 19. Bxe7 Rxc4 20. Bxd8 Rxd8 21. Rfd1 Kf8 22. Ra7 h6 23. Rxb7 Ke8 24. h3 Rb4 25. b6 Bc6 26. Rxd8+ Kxd8 27. Rxf7 Rxb6 28. Rxg7 Bxf3 29. gxf3 Rb2 30. Rg4 Rxc2 31. Rc4 Rc1+ 32. Kg2 c2 33. f4 Ke7 34.
Kf3 Kf7 35. Ke2 Kg6 36. Rc6 Kf5 37.
Kd2 Rf1 38. Kxc2 Rxf2+ 39. Kd3 Rxf4 40. Rc8 Kxe5 41. Rh8 Rf3+ 42.
Ke2 Rxh3 43. Kf2 Ke4 44. Kg2 Rh5 45. Kg3 e5 46. Kg4 Rg5 47.
Kh4 Rg1 0-1

[Event "Paul Kerese Mälestusfestival 2022 Välkturniir"]
[Site "Paul Kerese Mälestusfestival 2022 Kiirturniir"]
[Date "????.??.??"]
[Round "7.5"]
[White "Paikens, Reinis"]
[Black "Teelem, Lauri"]
[Result "1-0"]
[TimeControl "3 min + 2 sek iga käigu eest"]
[WhiteElo "1678"]
[BlackElo "2012"]

1. c4 Nf6 2. Nc3 g6 3. g3 Bg7 4. Bg2 O-O 5. e3 c5 6. Nge2 d6 7. O-O Nc6 8. d4 cxd4 9. exd4 Bd7 10. Be3 Rc8 11. a3 Na5 12. b3 b6 13. Rc1 Bc6 14. d5 Bd7 15. Nd4 a6 16.
Nb1 Ng4 17. Nd2 Nxe3 18. fxe3 b5 19. cxb5 axb5 20. b4 Nc4 21. Nxc4 bxc4 22. Nc6 Bxc6 23. dxc6 c3 24. Qd3 e6 25. b5 d5 26. e4 Qb6+ 27.
Kh1 d4 28. Ra1 Ra8 29. a4 Ra5 30. Qc4 Be5 31. Ra2 Rd8 32. Rd1 Kg7 33. Bf1 h5 34. Qb4 h4 35. Qe7 hxg3 36. hxg3 Bxg3 37.
Bc4 Ra7 38. a5 Rxe7 39. axb6 Rb8 40. Ra7 Ree8 41. b7 Bc7 42.
Ra6 e5 43. b6 Re7 44. bxc7 Rxc7 45. Ra8 c2 46. Rc1 Rbxb7 47. cxb7 Rxb7 48. Rxc2 f5 49. exf5 gxf5 50. Rg2+ Kf6 51. Rh8 e4 52. Rh5 Rc7 53.
Bb3 Rc3 54. Bg8 d3 55. Bh7 Rc1+ 56.
Kh2 Rf1 57. Rg6+ Ke5 58. Rgg5 e3 59.
Bxf5 e2 60. Bxd3+ Kd4 61. Bxe2 Rf2+ 62. Kg3 Rxe2 63. Rg4+ Ke3 64. Re5+ 1-0

[Event "Paul Kerese Mälestusfestival 2022 Välkturniir"]
[Site "Paul Kerese Mälestusfestival 2022 Kiirturniir"]
[Date "????.??.??"]
[Round "7.6"]
[White "Kraini, Juri"]
[Black "Protassov, Vlad"]
[Result "0-1"]
[TimeControl "3 min + 2 sek iga käigu eest"]
[WhiteElo "1692"]
[BlackElo "1816"]

1. e4 c6 2. Bc4 d5 3. Bb3 dxe4 4. Qh5 g6 5. Qh4 Nf6 6. Nc3 Bf5 7. f3 exf3 8. Nxf3 Bg7 9.
d3 Nbd7 10. Bh6 O-O 11. O-O-O Nc5 12. h3 Nxb3+ 13. axb3 e5 14. Bxg7 Kxg7 15. Nxe5 Re8 16. Rhe1 Qd6 17. d4 Nd5 18.
Nc4 Qf6 19. Qf2 Nxc3 20. bxc3 a5 21. Rf1 Qg5+ 22. Kb2 a4 23. b4 Be6 24. h4 Qd5 25. Qf6+ Kg8 26. Ne3 a3+ 27. Kc1 Qa2 28.
Kd2 Qb2 29. Nf5 Bxf5 30. Rxf5 gxf5 31. Qg5+ Kf8 32. Qh6+ Ke7 33. Re1+ Kd7 34. Rf1 Qa2 35. Rxf5 Qe6 36. Qf4 Qe1+ 37. Kd3 Qe2# 0-1

[Event "Paul Kerese Mälestusfestival 2022 Välkturniir"]
[Site "Paul Kerese Mälestusfestival 2022 Kiirturniir"]
[Date "????.??.??"]
[Round "7.7"]
[White "Olde, Karl Erik"]
[Black "Olde, Margareth"]
[Result "0-1"]
[TimeControl "3 min + 2 sek iga käigu eest"]
[BlackTitle "WIM"]
[WhiteElo "1768"]
[BlackElo "1971"]

1. d4 d5 2. c4 e6 3. Nf3 a6 4. e3 dxc4 5. Bxc4 b5 6. Be2 Nf6 7. O-O Nbd7 8. a3 Bb7 9. b4 Bd6 10. Nc3 O-O 11. Bb2 Nb6 12. Qb3 Nbd5 13. e4 Nxc3 14. Qxc3 Nxe4 15. Qe3 h6 16. Rfd1 Ng5 17.
Ne5 Bd5 18. f4 Ne4 19. Bf3 Nf6 20.
Rac1 Bxf3 21. Qxf3 Nd5 22. Rc2 Re8 23. Rdc1 Qf6 24. g3 Qf5 25. Rc6 h5 26. Kg2 Rad8 27. Rxa6 Bxe5 28. fxe5 Qg5 29. Rf1 Ne3+ 30. Kg1 Nxf1 31. Kxf1 h4 32. Ra7 Rd7 33. Rb7 hxg3 34. hxg3 Qd2 35. Qe2 Qxe2+ 36. Kxe2 Rd5 37. Rxc7 f6 38. Rc5 fxe5 39. dxe5 Red8 40. Rc6 Rd2+ 41. Ke3 Rxb2 42. Rxe6 Rb3+ 43. Ke4 Rxa3 44.
Rb6 Rxg3 45. Rxb5 Rg4+ 46. Kf5 Rgd4 47. e6 R4d5+ 0-1

[Event "Paul Kerese Mälestusfestival 2022 Välkturniir"]
[Site "Paul Kerese Mälestusfestival 2022 Kiirturniir"]
[Date "????.??.??"]
[Round "7.8"]
[White "Mikko, Rondo"]
[Black "Dzjuba, Jegor"]
[Result "1-0"]
[TimeControl "3 min + 2 sek iga käigu eest"]
[WhiteElo "1933"]
[BlackElo "1356"]

1. Nf3 d5 2. g3 c5 3. Bg2 Nc6 4. O-O e5 5. d3 Nf6 6. Nbd2 Be7 7. e4 dxe4 8. dxe4 O-O 9. c3 Qc7 10. Qc2 h6 11. Nc4 Be6 12. Ne3 Rfd8 13. Nf5 Bxf5 14. exf5 c4 15. Re1 Rd3 16.
Nd2 b5 17. Ne4 Rad8 18. Nxf6+ Bxf6 19. Be4 R3d6 20. Be3 Ne7 21.
a4 a6 22. axb5 axb5 23. Ra7 Qb8 24. Rea1 Nd5 25. Bc5 R6d7 26. Rxd7 Rxd7 27. b3 Kh7 28. bxc4 bxc4 29. Rb1 Qc7 30. Bb4 Nxb4 31. Rxb4 Qc5 32. Qe2 Rc7 33. Kg2 Kg8 34. Rb8+ Kh7 35. Qa2 Rc8 36. Rb4 h5 37. h4 Kh6 38.
Qd2+ Kh7 39. Rb7 Rc7 40. Rb4 Rc8 41. Rb1 Rd8 42.
Qe2 Rd7 43. Qxh5+ Kg8 44. Qe2 Rd8 45.
Rh1 Rc8 46. g4 Qa3 47. g5 Bd8 48. Rh3 Bb6 49. f6 g6 50. h5 gxh5 51. Qxh5 Qf8 52. Qh7# 1-0

[Event "Paul Kerese Mälestusfestival 2022 Välkturniir"]
[Site "Paul Kerese Mälestusfestival 2022 Kiirturniir"]
[Date "????.??.??"]
[Round "8.1"]
[White "Krilovs, Nikolajs"]
[Black "Agrest, Evgenij"]
[Result "0-1"]
[TimeControl "3 min + 2 sek iga käigu eest"]
[BlackTitle "GM"]
[WhiteElo "1971"]
[BlackElo "2574"]

1. e4 c6 2. d4 d5 3. e5 c5 4. c3 cxd4 5. cxd4 Nc6 6. Nc3 Bf5 7. Bb5 e6 8. Nge2 Nge7 9. O-O a6 10. Bd3 Qb6 11. Na4 Qa7 12. Nc5 Bxd3 13.
Qxd3 Nxe5 14. Qb3 N7c6 15. Qxb7 Qxb7 16. Nxb7 Nd7 17. Be3 Rb8 18. Rac1 Na7 19. Nc5 Rxb2 20. Nf4 Bxc5 21. dxc5 Nc6 22.
Rb1 Rxb1 23. Rxb1 Ke7 24. Nd3 f6 25. f4 Rb8 26. Rxb8 Ndxb8 27. Kf2 e5 28. fxe5 fxe5 29. Kg3 Ke6 30. Kg4 Nd7 31. a3 d4 32. Bd2 Kd5 33. Nb4+ Nxb4 34. axb4 Nb8 35. h4 Nc6 36.
h5 e4 37. Kf5 e3 38. Be1 d3 0-1

[Event "Paul Kerese Mälestusfestival 2022 Välkturniir"]
[Site "Paul Kerese Mälestusfestival 2022 Kiirturniir"]
[Date "????.??.??"]
[Round "8.2"]
[White "Paikens, Reinis"]
[Black "Maiorov, Nikita"]
[Result "0-1"]
[TimeControl "3 min + 2 sek iga käigu eest"]
[BlackTitle "GM"]
[WhiteElo "1678"]
[BlackElo "2417"]

1. c4 e5 2. Nc3 Nf6 3.
g3 d5 4. cxd5 Nxd5 5. Bg2 Nb6 6. Nf3 Nc6 7. O-O Be7 8. d3 O-O 9. Bd2 Be6 10.
Rc1 f6 11. a3 a5 12. Ne4 a4 13. Nc5 Bxc5 14. Rxc5 Qe7 15. Qc1 Qd7 16. Be3 Bh3 17. Rc2 Bxg2 18. Kxg2 Nd5 19. Bd2 Kh8 20.
e3 Nde7 21. d4 e4 22. Ng1 Nd5 23. Ne2 Rf7 24. Nc3 Nxc3 25. Rxc3 Na5 26. Qc2 Nb3 27. Be1 Re8 28. Rc4 h6 29.
Bb4 c6 30. Rd1 Qd5 31. Be1 Ra8 32.
Qc3 Re7 33. Qb4 Rd7 34. Rc2 c5 35. Qc4 Qxc4 36. Rxc4 b5 37. Rc2 Rad8 38. Bc3 Rd5 39. Re1 cxd4 40. Bxd4 Nxd4 41. exd4 Rxd4 42. Rc5 b4 43. Ra5 b3 44. Re3 Rd2 45. Rxe4 Rxb2 46. Raxa4 Rdd2 47. Rf4 Rbc2 48. Rab4 b2 49. Rf3 Kh7 50. a4 Rd4 51. Rfb3 Rdd2 52. Rf3 h5 53. a5 Rc5 54. Rfb3 Rf5 55.
Rf3 Rxa5 56. h4 Rc5 57. Rfb3 Rf5 58. Rf3 Rxf3 59. Kxf3 Rc2 60. Rb5 g5 61. hxg5 fxg5 62. Kg2 g4 63. Rxh5+ Kg6 64. Rb5 Kf6 65. Rb7 Ke5 66. Rb5+ Kd4 67. Rb6 Kd3 68. Rb7 Kd2 69.
Rb6 Kc1 70. Rb4 b1=Q 71. Rxg4 Qb7+ 72. Kg1 Qb6 73. Rf4 Kb1 74. g4 Rc1 75. Kg2 Qc6+ 76. f3 Rc2+ 77. Kg3 Qc7 78. Kg2 0-1

[Event "Paul Kerese Mälestusfestival 2022 Välkturniir"]
[Site "Paul Kerese Mälestusfestival 2022 Kiirturniir"]
[Date "????.??.??"]
[Round "8.3"]
[White "Bernotas, Arturs"]
[Black "Chukavin, Kirill"]
[Result "1-0"]
[TimeControl "3 min + 2 sek iga käigu eest"]
[WhiteTitle "FM"]
[BlackTitle "FM"]
[WhiteElo "2382"]
[BlackElo "2280"]

1. e4 c5 2. Nf3 e6 3. c3 d5 4. exd5 Qxd5 5.
d4 Nf6 6. Be2 Be7 7. Na3 Nc6 8.
Nb5 Qd8 9. dxc5 Bxc5 10. Qxd8+ Kxd8 11. Bf4 Nd5 12. Rd1 Ke7 13. Bg3 a6 14. Nbd4 Nxd4 15. Nxd4 Rd8 16. Bf3 Bd7 17. Nb3 Bb6 18.
c4 Nf6 19. c5 Ba7 20. Bd6+ Ke8 21. Bxb7 Bb5 22. Nd4 Bc4 23. Bc6+ Nd7 24. Bxa8 Rxa8 25. c6 Nf6 26. b3 Bd5 27. O-O Ne4 28. Bg3 Nc3 29. Rd2 Bxd4 30. c7 Rc8 31. Rc1 Bf6 32. f3 Nb5 33.
a4 Nd4 34. Rb1 Kd7 35. b4 e5 36. b5 axb5 37. axb5 Rxc7 38. Re1 Ke6 39. Rxd4 Rb7 40. Rb4 Kf5 41. b6 h5 42.
h4 g6 43. Rc1 Be7 44. Rbb1 1-0

[Event "Paul Kerese Mälestusfestival 2022 Välkturniir"]
[Site "Paul Kerese Mälestusfestival 2022 Kiirturniir"]
[Date "????.??.??"]
[Round "8.4"]
[White "Agafonov, Yuri"]
[Black "Petrovskis, Olegs"]
[Result "1-0"]
[TimeControl "3 min + 2 sek iga käigu eest"]
[WhiteElo "1913"]
[BlackElo "1984"]

1. d4 d5 2. Bg5 c6 3. e3 Qb6 4.
Qc1 Nf6 5. Bd3 Nbd7 6. Nf3 h6 7. Bh4 e6 8. O-O Bd6 9. c4 dxc4 10. Bxc4 O-O 11. Nc3 Nd5 12. e4 Nxc3 13. bxc3 e5 14. Rd1 Qc7 15. Rb1 Nb6 16.
Bf1 Bg4 17. h3 Bxf3 1-0

[Event "Paul Kerese Mälestusfestival 2022 Välkturniir"]
[Site "Paul Kerese Mälestusfestival 2022 Kiirturniir"]
[Date "????.??.??"]
[Round "8.5"]
[White "Olde, Margareth"]
[Black "Protassov, Vlad"]
[Result "1/2-1/2"]
[TimeControl "3 min + 2 sek iga käigu eest"]
[WhiteTitle "WIM"]
[WhiteElo "1971"]
[BlackElo "1816"]

1. d4 Nf6 2. Nf3 e6 3. g3 b6 4. Bg2 Bb7 5. O-O c5 6. c4 cxd4 7. Qxd4 Nc6 8. Qd1 d6 9. Nc3 Be7 10. b3 O-O 11. Bb2 a6 12. Rc1 Rc8 13. Qd2 Qc7 14. Nd5 exd5 15. cxd5 Qd7 16. dxc6 Bxc6 17. Nd4 Bxg2 18. Kxg2 Rxc1 19. Rxc1 Rc8 20. Qd3 Qb7+ 21.
Kg1 Rxc1+ 22. Bxc1 Qe4 23. Nf5 Qxd3 24. exd3 Kf8 25. Ba3 Ne8 26. Ne3 b5 27. Bb4 g6 28. Nd5 f5 29. f4 Kf7 30. Kf2 Ke6 31. Nc3 Bf6 32. Nd1 Nc7 33. a4 Bd4+ 34. Ke2 Nd5 35. Bd2 Nb6 36. axb5 axb5 37. Bc3 Kd5 38. Ba5 Nd7 39.
Ne3+ Bxe3 40. Kxe3 Nc5 41. b4 Ne6 42. Bb6 Kc6 43. Ba7 Kd5 44. h3 h5 45. Bb6 Kc6 46. Bd4 Kd5 47. Bc3 Nd8 48.
Kf3 Nc6 49. g4 hxg4+ 50. hxg4
Nd4+ 51. Ke3 Nc6 52. gxf5 gxf5 53. Be1 Nd4 54. Bd2 Nc6 55. Bc3 Ke6 56. Kf3 Kd5 57. Ke3 Ke6 58. Kf3 Kd5 59. Ke3 Ke6 60. Ke4 Ke5+ 1/2-1/2

[Event "Paul Kerese Mälestusfestival 2022 Välkturniir"]
[Site "Paul Kerese Mälestusfestival 2022 Kiirturniir"]
[Date "????.??.??"]
[Round "8.6"]
[White "Heinmets, Tõnu"]
[Black "Mikko, Rondo"]
[Result "0-1"]
[TimeControl "3 min + 2 sek iga käigu eest"]
[WhiteElo "1939"]
[BlackElo "1933"]

1. Nf3 c5 2. g3 Nf6 3. Bg2 e6 4. O-O d5 5. d3 b6 6. Nbd2 Bb7 7.
Re1 Be7 8. c3 O-O 9. a4 Nc6 10.
Qc2 a6 11. e4 Re8 12. e5 Nd7 13. Nf1 b5 14. h4 d4 15. h5 dxc3 16. bxc3 b4 17. Bd2 bxc3 18. Bxc3 Nb4 19. Qe2 a5 20. g4 Nb6 21. Bxb4 axb4 22.
a5 Nd5 23. Ng3 Rxa5 24. Rxa5 Qxa5 25. Qd2 Qb6 26. Ne4 b3 27.
Rb1 Ba6 28. Nc3 Nxc3 29. Qxc3 Rb8 30. Nd2 b2 31. Be4 Qb4 32. Qc2 g6 33. hxg6 hxg6 34. Nc4 Bxc4 35. dxc4 Bg5 36. Bxg6 Bc1 37. Bxf7+ Kxf7 38. Qh7+ Ke8 39.
Qg8+ Kd7 40. Qf7+ Kd8 41. Qf8+ Kc7 42. Qd6+ Kb7 43. Qxe6 Qe1+ 44. Kg2 Qe4+ 45. Kg3 Bf4+ 46. Kh4 Rh8+ 0-1